 Dungeon Crawl Stone Soup version 0.29.0 (webtiles) character file.

Game seed: 17207617429210511704

6320 catcat the Geomancer (level 10, -23/63 HPs)
             Began as a Gargoyle Earth Elementalist on Aug 31, 2022.
             Was a Believer of Vehumet.
             Annihilated by an orc warlord
             ... wielding a +5 broad axe
              (27 damage)
             ... in a bailey.
             The game lasted 00:30:52 (13054 turns).

catcat the Geomancer (Gargoyle Earth Elementalist) Turns: 13054, Time: 00:30:53

Health: -23/63     AC: 17    Str: 12    XL:     10   Next: 95%
Magic:  8/16       EV: 11    Int: 20    God:    Vehumet [**....]
Gold:   1133       SH:  6    Dex: 10    Spells: 7/17 levels left

rFire   + . .      SeeInvis +   m - +3 dagger (freeze)
rCold   . . .      Faith    .   P - +2 buckler {rF+}
rNeg    + . .      Spirit   .   L - +3 leather armour {Will+}
rPois   ∞          Reflect  .   N - +0 helmet
rElec   +          Harm     .   t - +0 cloak
rCorr   .          Rampage  .   I - +0 pair of gloves
Will    ++...                   (no boots)
Stlth   ++........              (no amulet)
HPRegen 0.20/turn               A - ring of see invisible
MPRegen 0.15/turn               R - ring of willpower

@: about to teleport
A: sickness immunity, AC +7, negative energy resistance 1, electricity
resistance, torment resistance 1, petrification resistance
a: Renounce Religion


You were in a bailey.
You worshipped Vehumet.
Vehumet was pleased with you.
You visited 2 branches of the dungeon, and saw 11 of its levels.
You also visited: Bailey.

You collected 1133 gold pieces.

Inventory:

Hand Weapons
 c - a +0 dagger
 m - a +3 dagger of freezing (weapon)
 n - the +11 whip "Donanlet" {spect, Fly rC- Str+4 Int+2}
   (You found it on level 2 of the Dungeon)

   When its wielder attacks, the weapon's spirit leaps out and strikes again.
   The spirit shares a part of any damage it takes with its wielder.
   Str:       It affects your strength (+4).
   Int:       It affects your intelligence (+2).
   rC:        It makes you vulnerable to cold.
   Fly:       It grants you flight.
Missiles
 w - 24 boomerangs (quivered)
 z - 2 throwing nets
Armour
 a - a +0 robe
 t - a +0 cloak (worn)
 E - a +2 robe of willpower
 I - a +0 pair of gloves (worn)
 J - +0 steam dragon scales
 L - a +3 leather armour of willpower (worn)
 N - a +0 helmet (worn)
 P - a +2 buckler of fire resistance (worn)
Jewellery
 h - a ring of ice
 A - a ring of see invisible (left hand)
 G - a ring of positive energy
 O - an amulet of faith
 R - a ring of willpower (right hand)
 T - a ring of resist corrosion
Wands
 j - a wand of paralysis (6)
 y - a wand of polymorph (8)
 H - a wand of roots (8)
 K - a wand of mindburst (20)
 Q - a wand of quicksilver (3)
Scrolls
 d - 3 scrolls of immolation
 g - 3 scrolls of teleportation
 l - a scroll of enchant armour {unknown}
 o - 3 scrolls of enchant weapon
 p - 2 scrolls of amnesia {unknown}
 r - 2 scrolls of blinking {unknown}
 v - a scroll of poison
 C - a scroll of brand weapon {unknown}
 D - a scroll of magic mapping
 S - a scroll of summoning {unknown}
 U - a scroll of butterflies {unknown}
Potions
 b - a potion of magic
 e - 7 potions of curing
 f - 2 potions of brilliance {unknown}
 k - a potion of berserk rage
 q - 3 potions of resistance
 s - 2 potions of mutation
 u - a potion of ambrosia
 x - 2 potions of flight
 B - 2 potions of might
 F - 2 potions of heal wounds {unknown}
 M - 3 potions of lignification {unknown}


   Skills:
 + Level 7.6 Fighting
 - Level 4.0 Armour
 - Level 3.0 Dodging
 - Level 2.1 Stealth
 - Level 4.0 Shields
 * Level 4.0 Spellcasting
 - Level 8.0 Conjurations
 - Level 2.0 Transmutations
 - Level 12.3 Earth Magic


You had 7 spell levels left.
You knew the following spells:

 Your Spells              Type           Power      Damage    Failure   Level
a - Sandblast             Erth           100%       2d20      1%          1
b - Passwall              Tmut/Erth      26%        N/A       1%          2
c - Stone Arrow           Conj/Erth      88%        3d12      1%          3
d - Petrify               Tmut/Erth      32%        N/A       11%         4

Your spell library contained the following spells:

 Spells                   Type           Power      Damage    Failure   Level
 Static Discharge         Conj/Air       20%        3-6/arc   6%          2
 Mephitic Cloud           Conj/Pois/Air  14%        N/A       22%         3
 Ignite Poison            Fire/Tmut/Pois 6%         N/A       45%         3
 Freezing Cloud           Conj/Ice/Air   7%         6-21      90%         5


Dungeon Overview and Level Annotations

Branches:
Dungeon (10/15)            Temple (1/1) D:7          Bailey (1/1)
   Lair: D:8-11         Orc: D:9-12

Altars:
Ashenzari
Cheibriados
Dithmenos
Elyvilon
Fedhas
Gozag
Hepliaklqana
Kikubaaqudgha
Makhleb
Nemelex Xobeh
Okawaru
Qazlal
Ru
Sif Muna
Trog
Vehumet
Wu Jian
Xom
Yredelemnul
Zin
The Shining One

Shops:
D:3 (:?

Annotations:
D:9 2 transporters


Innate Abilities, Weirdness & Mutations

You are immune to sickness and miasma.
Your stone body is resilient. (AC +7)
You are immune to poison.
You resist negative energy. (rN+)
You are resistant to electric shocks. (rElec)
You are resistant to unholy torment.
You are immune to petrification.


Message History

Unknown command.
You open the gate.
Casting: Stone Arrow (safe; 1% risk of failure)
Confirm with . or Enter, or press ? or * to list all spells.
Aiming: Stone Arrow (safe; 1% risk of failure)
Press: ? - help, Shift-Dir - straight line, f - orc warlord
Aim: an orc warlord, wielding a +5 broad axe and wearing a +0 chain mail (82% to hit)
The stone arrow hits the orc warlord!!
The orc warlord is moderately wounded.
The orc warlord roars a battlecry!
The orc goes into a battle-frenzy!
Casting: Stone Arrow (safe; 1% risk of failure)
Confirm with . or Enter, or press ? or * to list all spells.
Aiming: Stone Arrow (safe; 1% risk of failure)
Press: ? - help, Shift-Dir - straight line, f/p - orc warlord
Aim: an orc warlord, wielding a +5 broad axe and wearing a +0 chain mail (moderately wounded, 82% to hit)
The stone arrow hits the orc warlord!
The orc warlord is moderately wounded.
You block the orc warlord's attack.
Casting: Stone Arrow (safe; 1% risk of failure)
Confirm with . or Enter, or press ? or * to list all spells.
Aiming: Stone Arrow (safe; 1% risk of failure)
Press: ? - help, Shift-Dir - straight line, f - orc, p - orc warlord
Aim: an orc, wielding a +0 hand axe and wearing a +0 leather armour (strong, 76% to hit)
The stone arrow misses the orc.
The orc warlord hits you with a +5 broad axe!!!
Ouch! That really hurt!
The orc hits you but does no damage. The orc attacks as you move away!
The orc hits you but does no damage.
The orc warlord attacks as you move away!
The orc warlord hits you with a +5 broad axe!!
* * * LOW HITPOINT WARNING * * *
As you read the scroll of fear, it crumbles to dust.
You assume a fearsome visage.
The orc warlord easily resists.
The orc looks frightened!
You block the orc warlord's attack.
As you read the scroll of teleportation, it crumbles to dust.
You feel strangely unstable. You block the orc warlord's attack.
The orc warlord attacks as you move away!
The orc warlord hits you with a +5 broad axe!!
You die...

#...##~8.8...8.8##...
#...'~~.........#....
#...'~~....∩....#....
#o..'~~........o#....
#...##~8.8...8.8##...
##....#~........!~#...
##.....#~~#~.....)~#...
##.....o#### ~#~~~##...
#...8..@).)#########....
#..........)....)')..)8.
#..........#~~~~~#......
##..8..8...#~~~~~#......
##.......##~~~~~##...8.
##.....##.......##....
##...##.........##...
#####♣♣♣.....♣♣♣####
♣♣♣∩♣♣♣


You could see an orc warlord and an orc (strong, fleeing).

Vanquished Creatures
  A cyclops (D:9)
  Joseph (D:7)
  A gargoyle (D:9)
  A troll (D:8)
  A hornet (D:10)
  A shadow (D:10)
  3 yaks
  A wyvern (D:7)
  3 vampire mosquitoes (D:10)
  A steam dragon (D:7)
  Menkaure (D:5)
  5 orc warriors
  3 sky beasts
  A black bear (D:4)
  2 ice beasts
  An ogre (D:4)
  2 centaurs
  5 kobold brigands
  A gnoll sergeant (D:10)
  A scorpion (D:5)
  3 bullfrogs
  3 necrophages
  3 wights (D:8)
  8 killer bees (D:8)
  3 howler monkeys (D:10)
  3 hounds (D:4)
  A jelly (D:7)
  5 orc priests
  5 iguanas
  Ijyb (D:4)
  3 orc wizards
  6 gnolls
  9 adders
  3 white imps
  3 ufetubi
  2 worms (D:3)
  3 dart slugs
  31 orcs
  8 ball pythons
  8 bats
  8 endoplasms
  5 giant cockroaches
  14 goblins
  8 hobgoblins
  9 jackals
  40 kobolds
  5 frilled lizards
  9 rats
245 creatures vanquished.

Vanquished Creatures (others)
  20 plants
20 creatures vanquished.

Grand Total: 265 creatures vanquished

Notes
Turn   | Place    | Note
-------+----------+-------------------------------------------
     0 | D:1      | catcat the Gargoyle Earth Elementalist began the quest for
                  | the Orb.
     0 | D:1      | Reached XP level 1. HP: 10/10 MP: 3/3
   135 | D:1      | Reached skill level 4 in Earth Magic
   141 | D:1      | Reached XP level 2. HP: 13/16 MP: 1/5
   214 | D:1      | Reached skill level 1 in Fighting
   406 | D:1      | Found a faded altar of an unknown god.
   666 | D:1      | Reached XP level 3. HP: 20/20 MP: 4/6
  1195 | D:2      | Learned a level 2 spell: Passwall
  1199 | D:2      | Learned a level 3 spell: Stone Arrow
  1345 | D:2      | Reached skill level 5 in Earth Magic
  1634 | D:2      | Identified the +11 whip "Donanlet" {spect, Fly rC- Str+4
                  | Int+2}
  1686 | D:2      | Reached XP level 4. HP: 26/26 MP: 4/7
  2380 | D:3      | Reached skill level 1 in Conjurations
  2673 | D:3      | Reached XP level 5. HP: 20/31 MP: 2/8
  2944 | D:3      | Found Peamn's Book Shoppe.
  2985 | D:3      | Noticed an orc warrior
  3301 | D:3      | Found Qiclaewe's Antique Weapon Emporium.
  3719 | D:3      | Found Gisijup's Magic Scroll Boutique.
  3832 | D:3      | Reached skill level 6 in Earth Magic
  4006 | D:4      | Reached XP level 6. HP: 21/36 MP: 7/9
  4407 | D:4      | Noticed Ijyb
  4455 | D:4      | Killed Ijyb
  4763 | D:4      | Reached XP level 7. HP: 41/41 MP: 7/11
  5200 | D:5      | Entered Level 5 of the Dungeon
  5276 | D:5      | Reached skill level 7 in Earth Magic
  5296 | D:5      | Reached skill level 5 in Fighting
  5496 | D:5      | Reached XP level 8. HP: 39/49 MP: 5/12
  5738 | D:5      | Reached skill level 8 in Earth Magic
  6188 | D:5      | Noticed Menkaure
  6195 | D:5      | Killed Menkaure
  6418 | D:5      | Found a glowing silver altar of Zin.
  6527 | D:6      | Reached skill level 9 in Earth Magic
  6791 | D:6      | Found an iron altar of Okawaru.
  7490 | D:7      | Noticed Joseph
  7774 | D:7      | Found a staircase to the Ecumenical Temple.
  7802 | Temple   | Entered the Ecumenical Temple
  7807 | Temple   | Became a worshipper of Vehumet
  7833 | D:7      | Reached skill level 10 in Earth Magic
  7846 | D:7      | Reached XP level 9. HP: 47/55 MP: 0/13
  8042 | D:7      | Reached skill level 5 in Conjurations
  8360 | D:7      | Killed Joseph
  8576 | D:7      | Learned a level 4 spell: Petrify
  9012 | D:8      | Noticed a troll
  9091 | D:8      | Killed a troll
  9092 | D:8      | Reached skill level 1 in Armour
  9586 | D:8      | Identified the +1 leather armour of Wiufri {Harm Int+7
                  | Slay+4}
  9657 | D:7      | Reached XP level 10. HP: 33/61 MP: 0/16
 10487 | D:8      | Identified 2 scrolls of acquirement
 10487 | D:8      | Acquired a +2 buckler of fire resistance
 10526 | D:9      | Found a blossoming altar of Fedhas.
 10526 | D:9      | Found a glowing golden altar of the Shining One.
 10544 | D:9      | Reached skill level 1 in Shields
 10544 | D:9      | Reached skill level 1 in Transmutations
 10836 | D:9      | Found a transporter.
 10885 | D:9      | Noticed a cyclops
 10898 | D:9      | Killed a cyclops
 11077 | D:9      | Found a shimmering blue altar of Sif Muna.
 11314 | D:9      | Reached * piety under Vehumet
 11314 | D:9      | Offered knowledge of Foxfire by Vehumet.
 11478 | D:9      | Noticed a gargoyle
 11482 | D:9      | Killed a gargoyle
 11483 | D:9      | Reached skill level 11 in Earth Magic
 11536 | D:9      | Found a basalt altar of Yredelemnul.
 11720 | D:9      | Found a transporter.
 11836 | D:9      | Acquired 562 gold pieces
 11898 | D:10     | Entered Level 10 of the Dungeon
 12253 | D:10     | Reached skill level 12 in Earth Magic
 12468 | D:10     | Found a flagged portal.
 12477 | Bailey   | Entered a bailey
 12510 | Bailey   | Noticed an orc warlord
 12847 | Bailey   | Found a runed translucent gate.
 12848 | Bailey   | Found a runed translucent gate.
 12849 | Bailey   | Found a runed translucent gate.
 12873 | Bailey   | Reached ** piety under Vehumet
 12873 | Bailey   | Offered knowledge of Static Discharge by Vehumet.
 13050 | Bailey   | HP: 3/63 [orc warlord/+5 broad axe (23)]
 13054 | Bailey   | Annihilated by an orc warlord

Illustrated notes

Levels and vault maps discovered:
D:1:      nicolae_arrival_washed_ashore, layout_basic,
          shapermc_ecumenical_altar_petra
D:2:      layout_loops_corners, guppyfry_early_orc_mine
D:3:      layout_rooms, serial_shops, nicolae_shop_advertising_works
          [nicolae_subvault_shop_adworks], nicolae_shop_hallway_plus, shop,
          kennysheep_cross_room, st_stairs_14, minmay_misc_feat_hallway,
          reono_crystal_passage, nicolae_figureground_sparkle
D:4:      layout_rooms, nrook_uturn, lexackson_kobold_supper, uniq_ijyb
D:5:      layout_rooms, zin_statuary, minmay_crossroads, uniq_menkaure
D:6:      layout_cave_pools, kennysheep_mini
D:7:      layout_loops_cross, minmay_temple_entry_grid, uniq_joseph
D:8:      layout_loops_corners, st_stairs_1
D:9:      gammafunk_cloud_chamber, layout_small_grid, lemuel_doored_altar,
          mainiacjoe_overflow_six_doors_small, mainiacjoe_overflow_divided_tiny,
          chequers_serial_rivers_room_b, feat_on_display
D:10:     layout_loops_cross, kennysheep_mini_moat, enter_bailey_2
Temple:   minmay_freezing_vapour_temple
Bailey:   bailey_axe_bossmonster_kennysheep, bailey

Skill      XL: |  1  2  3  4  5  6  7  8  9 10 |
---------------+-------------------------------+-----
Earth Magic    | 4 5 6 7 10 12 | 12.3
Fighting       | 1 2 3 5 6 7 |  7.6
Conjurations   | 1 2 4 8 |  8.0
Dodging        | 2 3 |  3.0
Spellcasting   | 3 4 |  4.0
Armour         | 3 4 |  4.0
Shields        | 4 |  4.0
Transmutations | 2 |  2.0
Stealth        | |  2.1

Action                   |  1- 3 |  4- 6 |  7- 9 | 10-12 || total
-------------------------+-------+-------+-------+-------++-------
Melee: Dagger            |     8 |    14 |     6 |    10 ||    38
Throw: Boomerang         |       |     1 |     1 |       ||     2
 Cast: Sandblast         |    58 |   120 |    63 |    44 ||   285
       Stone Arrow       |       |     4 |    55 |    78 ||   137
Evoke: Wand              |       |     1 |       |       ||     1
  Use: Scroll            |       |     2 |    12 |     5 ||    19
Armor: Robe              |    12 |    23 |    27 |       ||    62
       Leather armour    |       |       |     7 |    25 ||    32
Dodge: Dodged            |    21 |    57 |    63 |    30 ||   171
Block: Buckler           |       |       |       |    23 ||    23
